 Dungeon Crawl Stone Soup version 0.28-a0-465-ge2dae52223 (webtiles) character file.

Game seed: 16766196541861673942

22346 omnomnOMINOUS the Fighter (level 12, -6/90 HPs)
             Began as an Octopode Wanderer on Sept 12, 2021.
             Was an Initiate of Gozag.
             Mangled by an eight-headed hydra (12 damage)
             ... on level 2 of the Lair of Beasts on Sept 14, 2021.
             The game lasted 01:18:51 (24331 turns).

omnomnOMINOUS the Fighter (Octopode Wanderer)      Turns: 24331, Time: 01:18:53

Health: -6/90      AC:  1    Str: 14    XL:     12   Next: 99%
Magic:  20/20      EV: 17    Int: 17    God:    Gozag
Gold:   1531       SH:  4    Dex: 11    Spells: 6/22 levels left

rFire   . . .      SeeInvis .   b - staff of conjuration
rCold   . . .      Faith    .   r - +0 buckler
rNeg    . . .      Spirit   .   (helmet restricted)
rPois   +          Reflect  .   g - amulet of magic regeneration
rElec   .          Harm     .   i - ring of willpower
rCorr   .          Rampage  .   k - ring of poison resistance
Will    ++...                   l - ring of willpower
Stlth   ++........              (no ring)
HPRegen 0.25/turn               (no ring)
MPRegen 0.42/turn               (no ring)
                                (no ring)
                                (no ring)

@: no status effects
A: almost no armour, amphibious, 8 rings, camouflage 1, gelatinous body 1,
(nimble swimmer 1), tentacles
a: Renounce Religion, Potion Petition, Call Merchant, Bribe Branch


You were on level 2 of the Lair of Beasts.
You worshipped Gozag.
Gozag was most pleased with you.
You visited 3 branches of the dungeon, and saw 14 of its levels.

You collected 2716 gold pieces.
You spent 564 gold pieces at shops.
You paid 621 gold pieces to Gozag.

Inventory:

Hand Weapons
 a - the +7 flail "Wykulosi" {speed, rF++}
   (You bought it in a shop on level 5 of the Dungeon)

   Attacks with this weapon are significantly faster.
   rF:        It greatly protects you from fire.
 c - a +4 vorpal spear
 d - a +2 dagger of venom
 e - a +0 spectral quarterstaff
 P - the +7 whip of the Big Bang {vorpal, rF+ Stlth+}
   (You found it on level 2 of the Lair of Beasts)

   It inflicts extra damage upon your enemies.
   rF:        It protects you from fire.
   Stlth:     It makes you more stealthy.
Missiles
 h - 54 poisoned darts (quivered)
 y - 6 throwing nets
 I - 2 curare-tipped darts
Armour
 r - a +0 buckler (worn)
 B - a +0 kite shield
Magical Staves
 b - a staff of conjuration (weapon)
 Q - a staff of death
 R - a staff of cold
Jewellery
 g - an amulet of magic regeneration (around mantle)
 i - a ring of willpower (left tentacle)
 k - a ring of poison resistance (right tentacle)
 l - a ring of willpower (on tentacle)
Wands
 o - a wand of charming (35)
 q - a wand of iceblast (17)
 C - a wand of paralysis (26)
 D - a wand of mindburst (20)
 S - a wand of flame (17)
Scrolls
 p - a scroll of fear
 t - a scroll of brand weapon {unknown}
 u - a scroll of torment {unknown}
 v - a scroll of enchant armour {unknown}
 w - a scroll of amnesia {unknown}
 z - 3 scrolls of fog
 A - 3 scrolls of enchant weapon {unknown}
 G - 3 scrolls of vulnerability {unknown}
 H - 2 scrolls of holy word {unknown}
 K - 2 scrolls of blinking {unknown}
 N - a scroll of teleportation
 O - 2 scrolls of immolation {unknown}
Potions
 f - 2 potions of attraction {unknown}
 j - a potion of cancellation
 m - 2 potions of resistance
 n - 3 potions of haste
 s - 2 potions of brilliance
 x - 3 potions of flight
 E - 5 potions of berserk rage {unknown}
 F - 2 potions of mutation {unknown}
 J - a potion of might {unknown}
 L - 3 potions of curing {unknown}
 M - a potion of magic {unknown}


   Skills:
 + Level 11.3 Fighting
 - Level 1.0 Throwing
 + Level 11.3 Dodging
 - Level 4.0 Shields
 - Level 1.0 Unarmed Combat
 * Level 5.5 Spellcasting
 - Level 8.0 Conjurations
 - Level 1.0 Summonings
 - Level 4.0 Translocations
 - Level 4.0 Transmutations
 - Level 8.0 Earth Magic


You had 6 spell levels left.
You knew the following spells:

 Your Spells              Type           Power      Damage    Failure   Level
a - Magic Dart            Conj           100%       1d8       1%          1
b - Blink                 Tloc           N/A        N/A       4%          2
c - Mephitic Cloud        Conj/Pois/Air  20%        N/A       14%         3
d - Stone Arrow           Conj/Erth      94%        3d12      1%          3
e - Petrify               Tmut/Erth      25%        N/A       12%         4
f - Apportation           Tloc           36%        N/A       2%          1
g - Passwall              Tmut/Erth      20%        N/A       1%          2

Your spell library contained the following spells:

 Spells                   Type           Power      Damage    Failure   Level
 Sandblast                Erth           62%        2d14      1%          1
 Beastly Appendage        Tmut           36%        N/A       2%          1
 Foxfire                  Conj/Fire      100%       2x1d9     2%          1
 Static Discharge         Conj/Air       27%        N/A       4%          2
 Wereblood                Tmut           18%        N/A       4%          2
 Conjure Flame            Conj/Fire      27%        6-21      8%          3
 Freeze                   Ice            16%        1d4       14%         1
 Call Imp                 Summ           8%         N/A       14%         2
 Spider Form              Tmut/Pois      5%         N/A       19%         3
 Corpse Rot               Necr/Air       N/A        N/A       21%         2
 Poisonous Vapours        Pois/Air       8%         N/A       21%         2
 Slow                     Hex            4%         N/A       21%         2
 Sublimation of Blood     Necr           2%         N/A       21%         2
 Sticky Flame             Conj/Fire      27%        2d5       26%         4
 Irradiate                Conj/Tmut      18%        3d19      32%         5
 Frozen Ramparts          Ice            8%         1d2       38%         3
 Ice Form                 Ice/Tmut       11%        N/A       52%         4
 Summon Ice Beast         Ice/Summ       6%         N/A       73%         4
 Dispel Undead            Necr           4%         3d7       80%         4
 Summon Forest            Summ/Tloc      6%         N/A       80%         5
 Alistair's Intoxication  Tmut/Pois      7%         N/A       86%         5
 Eringya's Noxious Bog    Tmut/Pois      5%         N/A       100%        6
 Invisibility             Hex            2%         N/A       100%        6
 Summon Hydra             Summ           4%         N/A       100%        7


Dungeon Overview and Level Annotations

Branches:
Dungeon (10/15)            Temple (1/1) D:7            Lair (3/6) D:10
 Spider (0/4) Lair:2
  Swamp: Lair:2-4    Shoals: Lair:2-4       Orc: D:9-12

Altars:
Ashenzari
Cheibriados
Dithmenos
Elyvilon
Fedhas
Gozag
Hepliaklqana
Kikubaaqudgha
Makhleb
Nemelex Xobeh
Okawaru
Qazlal
Ru
Sif Muna
Trog
Uskayaw
Vehumet
Wu Jian
Xom
Yredelemnul
Zin
The Shining One

Shops:
D:5 ((?   D:10 *::

Annotations:
D:9 Grum


Innate Abilities, Weirdness & Mutations

You cannot wear most types of armour.
You are amphibious.
You can wear up to eight rings at the same time.
Your skin changes colour to match your surroundings (Stealth+).
Your rubbery body absorbs attacks. (AC +1, EV +1)
((You are camouflaged near water. (Stealth+)))
You have tentacles for arms and can constrict up to eight enemies at once.


Message History

Aim: a yak (almost dead, 85% to hit)
You feel a surge of power!
The stone arrow hits the yak!!
You kill the yak!
Unknown command.
You now have 1531 gold pieces (gained 12).
You start resting.
Magic restored.
You start resting.
HP restored.
There is a stone staircase leading down here.
You climb downwards.
The water moccasin hisses angrily.
The blink frog gives a loud, deep croak! x2
The eight-headed hydra roars! x2
The blink frog blinks! x3; The yak closely misses you.
The water moccasin closely misses you.
The blink frog blinks!
The yak misses you.
There is a stone staircase leading up here.
The yak gores you! The eight-headed hydra bites you! x2
The eight-headed hydra completely misses you.
The eight-headed hydra bites you! The eight-headed hydra misses you.
The eight-headed hydra bites you!
The eight-headed hydra barely misses you.
The eight-headed hydra completely misses you.
You climb upwards.
There is a stone staircase leading down here.
Unknown command.
As you read the scroll of fear, it crumbles to dust.
You assume a fearsome visage.
The plant is unaffected.
The yak looks frightened!
The eight-headed hydra resists with some effort.
The eight-headed hydra misses you.
The eight-headed hydra closely misses you.
The eight-headed hydra bites you!
* * * LOW HITPOINT WARNING * * *
The eight-headed hydra bites you!
* * * LOW HITPOINT WARNING * * *
The eight-headed hydra bites you!
You die...
Your body crumbles into a pile of gold.

#.##...##..##...............#
#.#.............########..#.#
#.......#####.### #..#..
##.##..### ### ##.##.. #P.###.#
#..#### ##.....# ###.#
######.#.## ######## ##...#
..#..##### ####.##.#P####....##
........# ##...D@.Y.......P...#
.###....###..########.###.P..##
...#..#...##.# ####.#..#.#
.............# ###..###
............## ##..#
.......#....### #...#
...P#...##....## #...##
....P..........##### #....#
..#................## #...##


You could see an eight-headed hydra and a yak (fleeing).

Vanquished Creatures
  Fannar (Lair:3)
  5 hydras
  3 two-headed ogres
  3 death yaks (D:10)
  Nergalle (Lair:2)
  A manticore (D:8)
  Maurice (D:8)
  A black mamba (Lair:2)
  A centaur zombie (D:10)
  3 cane toads
  4 komodo dragons
  A troll (D:10)
  8 blink frogs
  A wraith (D:10)
  A shadow (D:10)
  2 wyverns
  17 yaks
  Eustachio (D:5)
  A basilisk (Lair:3)
  2 steam dragons
  A water moccasin (Lair:1)
  2 orc warriors
  2 ice beasts
  A sky beast (D:7)
  2 black bears
  4 wolves (Lair:1)
  A hornet zombie (D:7)
  5 centaurs
  2 necrophages (D:5)
  8 ogres
  A phantom (D:5)
  5 kobold brigands
  4 gnoll sergeants
  4 scorpions
  6 bullfrogs
  4 killer bees (D:9)
  8 wights
  A jelly (D:6)
  An orc priest (D:5)
  3 gnoll shamans
  A bullfrog skeleton (D:5)
  A centaur skeleton (D:6)
  4 hounds (D:5)
  Ijyb (D:3)
  7 orc wizards
  An iguana (D:4)
  A hell rat (D:10)
  A killer bee zombie (D:9)
  3 howler monkey zombies
  37 gnolls
  5 adders
  4 river rats (D:10)
  A shadow imp (D:6)
  2 white imps
  An ufetubus (D:4)
  3 worms
  3 dart slugs
  23 orcs
  9 ball pythons
  9 endoplasms
  A giant cockroach (D:1)
  6 goblins
  8 hobgoblins
  10 jackals
  12 quokkas
  A bat (D:3)
  5 frilled lizards
  22 kobolds
  6 rats
311 creatures vanquished.

Vanquished Creatures (collateral kills)
  A jackal (D:5)
1 creature vanquished.

Vanquished Creatures (others)
  A killer bee (D:9)
  15 fungi (Lair:3)
  10 plants (Lair:3)
26 creatures vanquished.

Grand Total: 338 creatures vanquished

Notes
Turn   | Place    | Note
-------+----------+-------------------------------------------
     0 | D:1      | omnomnOMINOUS the Octopode Wanderer began the quest for the
                  | Orb.
     0 | D:1      | omnomnOMINOUS set off with the following items: a +0
                  | dagger, 11 poisoned darts; and the following spells
                  | available to memorise: Magic Dart, Freeze, Call Imp, Blink,
                  | Slow, Conjure Flame, Mephitic Cloud, Frozen Ramparts
     0 | D:1      | Reached XP level 1. HP: 14/14 MP: 2/2
    13 | D:1      | Learned a level 1 spell: Magic Dart
   119 | D:1      | Reached skill level 1 in Dodging
   188 | D:1      | Reached XP level 2. HP: 18/19 MP: 0/3
   670 | D:1      | Reached XP level 3. HP: 18/24 MP: 1/4
  1811 | D:2      | Reached XP level 4. HP: 27/30 MP: 5/5
  2440 | D:2      | Found a faded altar of an unknown god.
  2445 | D:2      | Got Plato's Papyrus of Fire
  2446 | D:2      | Became a worshipper of Gozag Ym Sagoz the Greedy
  2736 | D:3      | Noticed Ijyb
  2745 | D:3      | Killed Ijyb
  2758 | D:3      | Reached XP level 5. HP: 17/36 MP: 6/6
  3972 | D:3      | Reached XP level 6. HP: 37/42 MP: 7/7
  4022 | D:3      | Found a sparkling altar of Nemelex Xobeh.
  4204 | D:4      | Noticed a black bear
  5007 | D:4      | Reached XP level 7. HP: 20/49 MP: 8/8
  5015 | D:5      | Entered Level 5 of the Dungeon
  5023 | D:4      | Reached skill level 5 in Conjurations
  6096 | D:5      | Reached skill level 5 in Fighting
  6096 | D:5      | Reached skill level 5 in Dodging
  6362 | D:5      | Reached XP level 8. HP: 39/55 MP: 9/9
  6592 | D:5      | Noticed Eustachio
  6609 | D:5      | Killed Eustachio
  7251 | D:4      | Learned a level 3 spell: Mephitic Cloud
  7254 | D:4      | Learned a level 2 spell: Blink
  8696 | D:5      | Reached XP level 9. HP: 36/62 MP: 8/10
  9204 | D:5      | Found Orph's Magic Scroll Emporium.
  9224 | D:5      | Bought a scroll of teleportation for 42 gold pieces
  9224 | D:5      | Bought a scroll of fog for 28 gold pieces
  9224 | D:5      | Bought a scroll of fear for 49 gold pieces
  9411 | D:5      | Found Ivueleurgh's Antique Weapon Emporium.
  9419 | D:5      | Bought a dazzling flail for 229 gold pieces
  9419 | D:5      | Identified the +7 flail "Wykulosi" {speed, rF++} (You
                  | bought it in a shop on level 5 of the Dungeon)
  9478 | D:5      | Found Bifeq's Weapon Boutique.
 11269 | D:6      | Learned a level 1 spell: Apportation
 11885 | D:6      | Reached XP level 10. HP: 70/71 MP: 11/11
 12641 | D:7      | Found a staircase to the Ecumenical Temple.
 12738 | Temple   | Entered the Ecumenical Temple
 13451 | D:8      | Noticed a boulder beetle
 13467 | D:7      | Noticed a rust devil
 13467 | D:7      | Noticed a rust devil
 13561 | D:8      | Noticed Maurice
 13573 | D:8      | Killed Maurice
 14763 | D:9      | Noticed a two-headed ogre
 14766 | D:9      | Noticed a cyclops
 14890 | D:8      | Noticed a manticore
 15276 | D:8      | Killed a manticore
 15639 | D:9      | Killed a two-headed ogre
 15645 | D:10     | Entered Level 10 of the Dungeon
 15781 | D:10     | Learned a level 4 spell: Petrify
 15781 | D:10     | Upgraded the game from 0.28-a0-429-g1448048969 to
                  | 0.28-a0-447-g1f95980246
 16022 | D:10     | Reached skill level 1 in Transmutations
 16022 | D:10     | Reached skill level 1 in Earth Magic
 16022 | D:10     | Reached XP level 11. HP: 67/80 MP: 15/17
 16486 | D:10     | Found Ibilut's Assorted Antiques.
 16486 | D:10     | Found Dulasch's Book Shop.
 16980 | D:10     | Found Minoq's Book Emporium.
 16987 | D:10     | Bought a book of Geomancy for 216 gold pieces
 16991 | D:10     | Learned a level 3 spell: Stone Arrow
 16994 | D:10     | Learned a level 2 spell: Passwall
 17026 | D:9      | Noticed Grum
 17029 | D:10     | Upgraded the game from 0.28-a0-447-g1f95980246 to
                  | 0.28-a0-465-ge2dae52223
 17105 | D:10     | Noticed a seven-headed hydra
 17190 | D:10     | Found a staircase to the Lair.
 17192 | D:10     | Noticed a death yak
 17567 | D:10     | Noticed a two-headed ogre
 17577 | D:10     | Killed a two-headed ogre
 17578 | D:10     | Reached skill level 1 in Translocations
 17696 | D:10     | Killed a seven-headed hydra
 17742 | D:10     | Noticed a two-headed ogre
 17758 | D:10     | Killed a two-headed ogre
 17811 | D:10     | Noticed a death yak
 17814 | D:10     | Noticed a death yak
 17870 | D:10     | Killed a death yak
 17871 | D:10     | Reached skill level 10 in Fighting
 17871 | D:10     | Reached skill level 10 in Dodging
 18456 | D:10     | Killed a death yak
 18794 | Lair:1   | Entered Level 1 of the Lair of Beasts
 19279 | D:10     | Reached skill level 5 in Earth Magic
 19311 | D:10     | Killed a death yak
 19696 | D:10     | Found Dulasch's Book Shop.
 19697 | D:10     | Found Ibilut's Assorted Antiques.
 20113 | D:10     | Found Minoq's Book Emporium.
 20473 | D:10     | Reached XP level 12. HP: 70/87 MP: 2/18
 20696 | Lair:1   | Noticed a four-headed hydra
 20720 | Lair:1   | Killed a four-headed hydra
 20830 | Lair:1   | Noticed a five-headed hydra
 20835 | Lair:1   | Killed a five-headed hydra
 21910 | Lair:2   | Identified the +7 whip of the Big Bang {vorpal, rF+ Stlth+}
 22426 | Lair:2   | Noticed Nergalle
 22431 | Lair:2   | Killed Nergalle
 22778 | Lair:2   | Found a hole to the Spider Nest.
 22797 | Lair:2   | Noticed a five-headed hydra
 22805 | Lair:2   | Killed a five-headed hydra
 23458 | Lair:3   | Noticed Fannar
 23467 | Lair:3   | Killed Fannar
 23663 | Lair:3   | Noticed a six-headed hydra
 23725 | Lair:3   | Noticed an eight-headed hydra
 23781 | Lair:3   | Killed a six-headed hydra
 23861 | Lair:2   | Reached skill level 5 in Spellcasting
 24328 | Lair:3   | Noticed an eight-headed hydra
 24331 | Lair:2   | Mangled by an eight-headed hydra

Illustrated notes

Levels and vault maps discovered:
D:1:      ncdulo_lavacross, layout_loops_ring, minmay_misc_feat_iff
D:2:      layout_loops_cross, shapermc_ecumenical_altar_rom_forum,
          hangedman_glass_teeth
D:3:      layout_rooms, nemelex_dance_club_becter, minmay_misc_feat_cross,
          kennysheep_cross_bottleneck, minmay_misc_feat_nine_boxes,
          hex_intersection, uniq_ijyb
D:4:      layout_loops_ring, kennysheep_generic_room_9
D:5:      layout_cave_pools, serial_gnoll_camp, gnoll_camp_huts_moat,
          gnoll_camp_mini_shop, gnoll_camp_mini_shop, gnoll_camp_mini_shop,
          gnoll_camp_mini_hut, uniq_eustachio
D:6:      layout_cave_pools
D:7:      cheibrodos_iron_armory, layout_rooms, minmay_temple_entry_mist
D:8:      layout_cave_pools, uniq_maurice
D:9:      layout_cave_pools, grunt_decor_junction, kennysheep_generic_room_13,
          uniq_grum
D:10:     minmay_angry_zag, layout_stronghold, dpeg_lair_monsters, serial_shops,
          shop, shop_fountains, nicolae_shop_trees
Temple:   nicolae_temple_the_god_donut
Lair:1:   layout_roguey, infiniplex_staircase_pool_2
Lair:2:   layout_loops_ring, spider_nest_entry_web_field, uniq_nergalle
Lair:3:   layout_loops_ring, hangedman_lair_generics_rect, grunt_megastairs_3,
          uniq_fannar

Skill      XL: |  1  2  3  4  5  6  7  8  9 10 11 12 |
---------------+-------------------------------------+-----
Dodging        | 1 2 3 4 5 6 7 9 10 11 | 11.3
Fighting       | 3 4 5 6 7 9 10 11 | 11.3
Conjurations   | 4 5 6 8 |  8.0
Shields        | 2 4 |  4.0
Spellcasting   | 4 5 |  5.5
Transmutations | 1 4 |  4.0
Earth Magic    | 1 5 8 |  8.0
Translocations | 3 4 |  4.0
Throwing       | |  1.0
Unarmed Combat | |  1.0
Summonings     | |  1.0

Action                   |  1- 3 |  4- 6 |  7- 9 | 10-12 || total
-------------------------+-------+-------+-------+-------++-------
Melee: Dagger            |    70 |   124 |   157 |       ||   351
       Constrict         |    20 |    34 |    63 |    21 ||   138
       Tentacles         |    16 |    17 |    52 |    28 ||   113
       Punch             |     1 |     1 |     1 |     1 ||     4
       Flail             |       |       |    98 |   173 ||   271
       Spear             |       |       |    29 |       ||    29
       Staff             |       |       |    10 |       ||    10
Throw: Dart              |     1 |     1 |     3 |       ||     5
 Cast: Magic Dart        |    16 |     6 |    82 |    63 ||   167
       Mephitic Cloud    |       |       |     9 |    33 ||    42
       Blink             |       |       |     2 |     4 ||     6
       Stone Arrow       |       |       |       |   199 ||   199
Invok: Potion Petition   |       |       |       |     1 ||     1
Evoke: Wand              |       |       |       |    11 ||    11
  Use: Potion            |       |     1 |     1 |     2 ||     4
       Scroll            |       |       |     8 |     3 ||    11
 Stab: Sleeping          |     1 |     8 |     3 |       ||    12
       Distracted        |       |       |     1 |     2 ||     3
       Confused          |       |       |     2 |     7 ||     9
Armor: Skin              |     6 |     4 |    11 |     7 ||    28
Dodge: Dodged            |    37 |    65 |   197 |   195 ||   494
Block: Buckler           |       |       |    70 |    63 ||   133

Table legend: (Time is in decaauts)
 A = Elapsed time spent in this place.
 B = Non-inter-level travel time spent in this place.
 C = Inter-level travel time spent in this place.
 D = Time resting spent in this place.
 E = Time spent auto-exploring this place.
 F = Levels seen in this place.
 G = Mean time per level.
                   A        B        C        D        E       F      G
               +--------+--------+--------+--------+--------+-----+--------+
         Total |  24329 |  23726 |    603 |   9809 |  10045 |  14 | 1737.8 |
       Dungeon |  19943 |  19488 |    455 |   8263 |   7847 |  10 | 1994.3 |
        Temple |    675 |    649 |     26 |      0 |    631 |   1 |  675.0 |
          Lair |   3710 |   3588 |    122 |   1546 |   1567 |   3 | 1236.7 |
               +--------+--------+--------+--------+--------+-----+--------+

Top non-repeatable levels by time:
    D:10: 4970 daAuts
     D:5: 3237 daAuts
     D:4: 2996 daAuts
     D:8: 1781 daAuts
     D:3: 1734 daAuts
  Lair:2: 1678 daAuts
  Lair:1: 1628 daAuts
     D:1: 1484 daAuts
     D:7: 1304 daAuts
     D:2: 1123 daAuts
     D:6: 1038 daAuts
  Temple: 675 daAuts
  Lair:3: 403 daAuts
     D:9: 271 daAuts
